 Dungeon Crawl Stone Soup version 0.29-a0-284-gf9362112df (webtiles) character file.

Game seed: 6562414480493648278

11398 Krypt the Cleaver (level 11, -3/95 HPs)
             Began as a Hill Orc Fighter on Mar 14, 2022.
             Was a Believer of Beogh.
             Slain by an orc wizard
             ... wielding a +1 great sword of flaming
              (18 damage)
             ... on level 11 of the Dungeon.
             The game lasted 00:45:17 (23198 turns).

Krypt the Cleaver (Hill Orc Fighter)               Turns: 23198, Time: 00:45:18

Health: -3/95      AC: 22    Str: 20    XL:     11   Next: 77%
Magic:  14/14      EV:  8    Int:  8    God:    Beogh [**....]
Gold:   731        SH:  0    Dex: 14    Spells: 6/14 levels left

rFire   . . .      SeeInvis .   I - +1 battleaxe (spect)
rCold   . . .      Faith    .   (shield currently unavailable)
rNeg    + . .      Spirit   .   N - +0 plate armour
rPois   .          Reflect  .   p - +2 helmet
rElec   .          Harm     .   L - +1 cloak
rCorr   .          Rampage  .   j - +0 pair of gloves
Will    .....                   F - +0 pair of boots
Stlth   ..........              (no amulet)
HPRegen 0.25/turn               u - ring of wizardry
MPRegen 0.14/turn               b - ring of positive energy

@: no status effects
A: no striking features
a: Renounce Religion, Smiting


You were on level 11 of the Dungeon.
You worshipped Beogh.
Beogh was pleased with you.
You visited 2 branches of the dungeon, and saw 12 of its levels.

You collected 731 gold pieces.

Inventory:

Hand Weapons
 a - a +2 great sword
 o - a +2 falchion of freezing
 I - a +1 spectral battleaxe (weapon)
Missiles
 e - 274 stones
 m - 4 throwing nets
 x - 7 boomerangs
Armour
 i - a scarf of repulsion
 j - a +0 pair of gloves (worn)
 p - a +2 helmet (worn)
 E - the +1 ring mail of a volcano {Str+3}
   (You found it on level 6 of the Dungeon)

   Str:       It affects your strength (+3).
 F - a +0 pair of boots (worn)
 L - a +1 cloak (worn)
 N - a +0 plate armour (worn)
Jewellery
 b - a ring of positive energy (right hand)
 u - a ring of wizardry (left hand)
 G - a ring of magical power
 M - a ring of wizardry
Wands
 l - a wand of polymorph (1)
 t - a wand of charming (7)
 J - a wand of flame (8)
 K - a wand of mindburst (7) (quivered)
Scrolls
 c - a scroll of teleportation
 n - 3 scrolls of fog
 q - a scroll of noise {unknown}
 w - 3 scrolls of vulnerability
Potions
 f - 4 potions of degeneration
 h - 3 potions of brilliance
 k - 5 potions of flight
 r - 2 potions of invisibility
 s - a potion of magic
 v - 2 potions of might
 z - 3 potions of attraction
 A - a potion of ambrosia
 B - 3 potions of curing
 C - 2 potions of resistance
 D - 2 potions of lignification
 H - a potion of cancellation {unknown}
Miscellaneous
 g - a phial of floods


   Skills:
 + Level 8.9 Fighting
 + Level 9.8 Long Blades
 + Level 10.3 Axes
 + Level 2.4 Throwing
 + Level 8.3 Armour
 + Level 4.1 Dodging
 + Level 3.7 Stealth
 + Level 6.5 Shields
 + Level 2.1 Spellcasting
 + Level 1.1 Translocations
 + Level 0.3 Transmutations
 + Level 0.5 Fire Magic
 + Level 0.3 Air Magic
 + Level 1.5 Poison Magic
 + Level 1.4 Evocations


You had 6 spell levels left.
You knew the following spells:

 Your Spells              Type           Power      Damage    Failure   Level
a - Blink                 Tloc           4%         N/A       92%         2
b - Sting                 Tmut/Pois      8%         1d3       86%         1
c - Poisonous Vapours     Pois/Air       4%         N/A       94%         2
d - Ignite Poison         Fire/Tmut/Pois 2%         N/A       99%         3

Your spell library contained the following spells:

 Spells                   Type           Power      Damage    Failure   Level
 Conjure Flame            Conj/Fire      1%         6-21      99%         3
 Lesser Beckoning         Tloc           2%         N/A       99%         3
 Tukima's Dance           Hex            0%         N/A       100%        3
 Cause Fear               Hex            0%         N/A       100%        4
 Olgreb's Toxic Radiance  Pois           3%         N/A       100%        4
 Passage of Golubria      Tloc           2%         N/A       100%        4
 Sticky Flame             Conj/Fire      1%         2d3       100%        4
 Manifold Assault         Tloc           2%         N/A       100%        5
 Yara's Violent Unravell  Hex/Tmut       0%         3d3       100%        5
 Dragon Form              Tmut           0%         N/A       100%        7
 Dragon's Call            Summ           0%         N/A       100%        9


Dungeon Overview and Level Annotations

Branches:
Dungeon (11/15)            Temple (0/1) D:5            Lair (1/6) D:9
    Orc: D:9-12

Altars:
Cheibriados
Elyvilon
Gozag
Makhleb
Okawaru
Qazlal
Uskayaw
Vehumet
Xom
The Shining One

Shops:
D:2 :

Portals:
Gauntlet: D:11


Message History

The two-headed ogre hits you but does no damage.
There is an open door here.
Aiming: Mindburst
Press: ? - help, Q - select action, (/) - cycle Shift-Dir - straight line, f/p - two-headed ogre
Aim: a two-headed ogre, wielding a +0 giant spiked club and a +0 giant club (chance to affect: 52%)
The two-headed ogre resists with significant effort.
The two-headed ogre attacks as you move away!
The two-headed ogre hits you but does no damage.
The two-headed ogre closely misses you.
The orc wizard mumbles some strange words.
The orc wizard flickers and vanishes!
Deactivating autopickup; reactivate with Ctrl-A.
The two-headed ogre attacks as you move away!
The two-headed ogre hits you with a +0 giant spiked club!!
The two-headed ogre hits you with a +0 giant club!
Aiming: Mindburst
Press: ? - help, Q - select action, (/) - cycle Shift-Dir - straight line, f/p - two-headed ogre
Aim: a two-headed ogre, wielding a +0 giant spiked club and a +0 giant club (chance to affect: 52%)
The two-headed ogre resists with significant effort.
You slice the two-headed ogre!!
The two-headed ogre is moderately wounded.
You hear the deafening beating of a drum nearby.
The two-headed ogre hits you with a +0 giant spiked club!
* * * LOW HITPOINT WARNING * * *
The two-headed ogre barely misses you.
You slice the two-headed ogre!!
The two-headed ogre is severely wounded.
The two-headed ogre hits you with a +0 giant spiked club.
* * * LOW HITPOINT WARNING * * *
The two-headed ogre hits you with a +0 giant club.
* * * LOW HITPOINT WARNING * * *
You slash the two-headed ogre!
The two-headed ogre is almost dead.
The two-headed ogre hits you but does no damage. x2
You slice the two-headed ogre!!
You kill the two-headed ogre!
Beogh accepts your kill.
You hit something. Something hits you!!
You die...
Beogh appreciates something's killing of a heretic priest.

#.# ##.## ##...##
#.#######.....#
#...>........##.#
#########.......#
#...##### ###)# #@#
#.# #.# #.# #########
#.# #.......# ## #.#
#.#####.# .. #.#
####.#####.# # .. .#
#.###.#####........#.#
#. #.#.#
#....<......##.###.#.#


There were no monsters in sight!

Vanquished Creatures
  4 two-headed ogres
  A black mamba (D:10)
  A gargoyle (D:10)
  A kobold demonologist (D:10)
  2 unseen horrors
  2 hornets
  2 trolls
  6 wyverns
  2 shadows
  A wraith (D:10)
  3 yaks
  2 steam dragons
  4 water moccasins
  Duvessa (D:5)
  3 sky beasts
  2 orc warriors
  2 ice beasts (D:8)
  2 black bears
  An ogre (D:6)
  6 centaurs
  A wolf (D:9)
  A phantom (D:7)
  6 bullfrogs
  4 scorpions
  A gnoll sergeant (D:9)
  5 necrophages
  8 wights
  Dowan (D:5)
  5 howler monkeys
  2 electric eels (D:9)
  A crimson imp (D:9)
  8 hounds
  5 jellies
  2 orc priests (D:9)
  A gnoll shaman (D:9)
  Ijyb (D:4)
  4 iguanas
  12 orc wizards
  Robin (D:3)
  9 gnolls
  6 adders
  2 white imps (D:6)
  2 worms
  A dart slug (D:1)
  30 orcs
  7 endoplasms
  6 giant cockroaches
  16 goblins
  11 hobgoblins
  4 kobolds
  3 quokkas
  3 ball pythons
  3 bats
  7 frilled lizards
  6 rats
233 creatures vanquished.

Vanquished Creatures (collateral kills)
  A bat (D:2)
1 creature vanquished.

Vanquished Creatures (others)
  2 orc priests
  A worm (D:5)
  4 orcs (D:5)
7 creatures vanquished.

Grand Total: 241 creatures vanquished

Notes
Turn   | Place    | Note
-------+----------+-------------------------------------------
     0 | D:1      | Krypt the Hill Orc Fighter began the quest for the Orb.
     0 | D:1      | Reached XP level 1. HP: 19/19 MP: 1/1
   175 | D:1      | Found a faded altar of an unknown god.
   236 | D:1      | Reached XP level 2. HP: 27/27 MP: 2/2
   629 | D:1      | Reached XP level 3. HP: 33/33 MP: 3/3
  1642 | D:2      | Found Hici's Book Boutique.
  2004 | D:3      | Reached XP level 4. HP: 40/40 MP: 4/4
  2198 | D:3      | Noticed Robin
  2206 | D:3      | Killed Robin
  2284 | D:3      | Noticed a necrophage
  2293 | D:3      | Killed a necrophage
  2294 | D:3      | Reached XP level 5. HP: 37/47 MP: 5/5
  2749 | D:3      | Reached skill level 1 in Dodging
  2978 | D:4      | Reached XP level 6. HP: 53/53 MP: 6/6
  2986 | D:4      | Noticed a black bear
  2994 | D:4      | Killed a black bear
  3191 | D:4      | Reached skill level 5 in Fighting
  3400 | D:4      | Noticed Ijyb
  3401 | D:4      | Found a stormy altar of Qazlal.
  3405 | D:4      | Paralysed by Ijyb for 7 turns
  3415 | D:4      | Paralysed by Ijyb for 5 turns
  3424 | D:4      | Paralysed by Ijyb for 2 turns
  3427 | D:4      | Killed Ijyb
  3428 | D:4      | Reached skill level 5 in Long Blades
  4026 | D:4      | Found an opulent altar of Gozag.
  4699 | D:5      | Entered Level 5 of the Dungeon
  4740 | D:5      | Reached XP level 7. HP: 59/61 MP: 7/7
  4771 | D:5      | Became a worshipper of Beogh the Brigand
  4853 | D:5      | Reached skill level 5 in Armour
  5317 | D:5      | Noticed Dowan
  5320 | D:5      | Noticed Duvessa
  5337 | D:5      | Killed Duvessa
  5338 | D:5      | Reached skill level 1 in Stealth
  5349 | D:5      | Killed Dowan
  5764 | D:5      | Found a white marble altar of Elyvilon.
  5789 | D:5      | Found a staircase to the Ecumenical Temple.
  5891 | D:5      | Reached XP level 8. HP: 63/70 MP: 8/8
  7237 | D:6      | Reached skill level 1 in Throwing
  7624 | D:6      | Reached XP level 9. HP: 31/75 MP: 9/9
  8273 | D:6      | Reached skill level 5 in Shields
  8494 | D:6      | Found a shimmering altar of Xom.
  8494 | D:6      | Identified the +1 ring mail of a volcano {Str+3}
  9586 | D:7      | Noticed a hornet
  9592 | D:7      | Paralysed by a hornet for 1 turns
  9596 | D:7      | Killed a hornet
  9908 | D:7      | Learned a level 2 spell: Blink
  9910 | D:7      | Learned a level 1 spell: Sting
  9913 | D:7      | Learned a level 2 spell: Poisonous Vapours
  9917 | D:7      | Learned a level 3 spell: Ignite Poison
 11227 | D:7      | Found a snail-covered altar of Cheibriados.
 11515 | D:8      | Reached XP level 10. HP: 21/86 MP: 9/11
 11532 | D:8      | Reached * piety under Beogh
 11810 | D:8      | Paralysed by a hornet for 3 turns
 11815 | D:8      | HP: 4/86 [hornet (11)]
 11822 | D:8      | Reached skill level 1 in Spellcasting
 11822 | D:8      | Reached skill level 1 in Poison Magic
 12540 | D:8      | Reached skill level 1 in Translocations
 12690 | D:8      | Found a hide-covered altar of Uskayaw.
 12725 | D:8      | Found a glowing golden altar of the Shining One.
 12815 | D:8      | Reached skill level 1 in Axes
 13023 | D:8      | Found an iron altar of Okawaru.
 13288 | D:9      | Found a burning altar of Makhleb.
 13288 | D:9      | Found a radiant altar of Vehumet.
 13363 | D:9      | Reached skill level 2 in Axes
 15323 | D:9      | Reached skill level 3 in Axes
 16409 | D:9      | Reached skill level 4 in Axes
 17854 | D:9      | Reached skill level 5 in Axes
 18496 | D:9      | Reached skill level 6 in Axes
 18499 | D:9      | HP: 4/88 [yak (3)]
 19704 | D:9      | Found a staircase to the Lair.
 20560 | Lair:1   | Entered Level 1 of the Lair of Beasts
 20677 | D:10     | Entered Level 10 of the Dungeon
 20737 | D:10     | Reached skill level 7 in Axes
 20749 | D:10     | Reached XP level 11. HP: 53/94 MP: 11/13
 20963 | D:10     | Noticed a two-headed ogre
 20983 | D:10     | Reached ** piety under Beogh
 20984 | D:10     | Reached skill level 1 in Evocations
 21354 | D:10     | Noticed Harold
 21360 | D:10     | Noticed Harold
 21360 | D:10     | Harold changed into Harold the black mamba
 21364 | D:10     | Killed Harold the black mamba
 21365 | D:10     | Reached skill level 8 in Axes
 21450 | D:10     | Noticed a two-headed ogre
 21470 | D:10     | Killed a two-headed ogre
 21522 | D:10     | Reached skill level 9 in Axes
 21539 | D:10     | Killed a two-headed ogre
 21844 | D:10     | Noticed a two-headed ogre
 21851 | D:10     | Killed a two-headed ogre
 22829 | D:11     | Found a gate leading to a gauntlet.
 23109 | D:11     | Reached skill level 10 in Axes
 23171 | D:11     | Noticed a two-headed ogre
 23197 | D:11     | Killed a two-headed ogre
 23198 | D:11     | Slain by an orc wizard

Illustrated notes

Levels and vault maps discovered:
D:1:      dpeg_arrival_water_temple_mockup, layout_basic,
          shapermc_ecumenical_altar_petra, minmay_tiny_reverse_x
D:2:      layout_rooms, serial_shops, shop, minmay_octomino_c4
D:3:      layout_loops_ring, kennysheep_generic_room_15, uniq_robin
D:4:      layout_layer_cave, old_standard_altar,
          nicolae_qazlal_general_emergency, uniq_ijyb
D:5:      layout_basic, mainiacjoe_overflow_surrounded_room,
          minmay_temple_entry_mini_moons, uniq_duvessa
D:6:      layout_loops_ring, tgw_xom, supply_closet_lemuel
D:7:      layout_gridville, overflow_temple_1_default
D:8:      minmay_general_purpose_star, layout_rooms, okawaru_altar_gauntlet_db,
          mainiacjoe_overflow_big_doors, kennysheep_generic_room_4
D:9:      layout_roguey, grunt_temple_overflow_lords_of_destruction,
          erik_lair_island, minmay_fractal_squares_gapless_5
D:10:     minmay_the_grid_square_5x5_3x3 [minmay_the_grid_square_5x5_bracketed,
          minmay_the_grid_square_5x5_eight, minmay_the_grid_square_5x5_v,
          minmay_the_grid_square_5x5_trominoes,
          minmay_the_grid_square_5x5_megaprize_hollow,
          minmay_the_grid_square_5x5_broken_cross,
          minmay_the_grid_square_5x5_tri_point,
          minmay_the_grid_square_5x5_checkered_statues,
          minmay_the_grid_square_5x5_spiral], layout_loops_cross, uniq_harold
D:11:     layout_loops_corners, orc_0_dummy, gauntlet_entry_generic
Lair:1:   layout_gridlike, gammafunk_ghost_abyssal_escape, beast_lair_carwin_2,
          uniq_urug

Skill      XL: |  1  2  3  4  5  6  7  8  9 10 11 |
---------------+----------------------------------+-----
Armour         | 4 5 6 7 8 |  8.3
Fighting       | 4 5 6 7 8 |  8.9
Long Blades    | 3 4 5 6 8 9 |  9.8
Dodging        | 1 2 3 4 |  4.1
Shields        | 4 6 |  6.5
Stealth        | 1 2 3 |  3.7
Throwing       | 1 2 |  2.4
Spellcasting   | 1 2 |  2.1
Poison Magic   | 1 |  1.5
Translocations | 1 |  1.1
Axes           | 7 10 | 10.3
Evocations     | 1 |  1.4
Transmutations | |  0.3
Fire Magic     | |  0.5
Air Magic      | |  0.3

Action                   |  1- 3 |  4- 6 |  7- 9 | 10-12 || total
-------------------------+-------+-------+-------+-------++-------
Melee: Long sword        |   144 |    16 |       |       ||   160
       Falchion          |       |   105 |   335 |    52 ||   492
       War axe           |       |       |       |   264 ||   264
       Battleaxe         |       |       |       |   122 ||   122
Throw: Stone             |       |    12 |     7 |       ||    19
       Boomerang         |       |       |    20 |     1 ||    21
 Cast: Poisonous Vapours |       |       |     2 |     4 ||     6
       Sting             |       |       |     2 |     1 ||     3
       Ignite Poison     |       |       |     1 |     3 ||     4
       Blink             |       |       |       |     2 ||     2
Invok: Convert to Beogh  |       |       |     1 |       ||     1
Evoke: Wand              |       |       |     8 |    13 ||    21
  Use: Scroll            |     2 |     5 |     8 |    14 ||    29
       Potion            |       |     1 |     2 |     5 ||     8
 Stab: Paralysed         |       |       |     5 |     3 ||     8
       Distracted        |       |       |       |     1 ||     1
Armor: Scale mail        |    90 |    23 |       |       ||   113
       Chain mail        |       |    35 |    94 |       ||   129
       Ring mail         |       |       |    35 |   270 ||   305
       Skin              |       |       |       |    20 ||    20
       Plate armour      |       |       |       |    49 ||    49
Dodge: Dodged            |    73 |    34 |   127 |   334 ||   568
       Repelled          |       |       |     3 |     2 ||     5
Block: Buckler           |    31 |    21 |    81 |   108 ||   241

Table legend: (Time is in decaauts)
 A = Elapsed time spent in this place.
 B = Non-inter-level travel time spent in this place.
 C = Inter-level travel time spent in this place.
 D = Time resting spent in this place.
 E = Time spent auto-exploring this place.
 F = Levels seen in this place.
 G = Mean time per level.
                   A        B        C        D        E       F      G
               +--------+--------+--------+--------+--------+-----+--------+
         Total |  23369 |  23127 |    242 |  13496 |   6829 |  12 | 1947.4 |
       Dungeon |  23367 |  23125 |    242 |  13496 |   6829 |  11 | 2124.3 |
          Lair |      1 |      1 |      0 |      0 |      0 |   1 |    1.0 |
               +--------+--------+--------+--------+--------+-----+--------+

Top non-repeatable levels by time:
     D:8: 4739 daAuts
     D:9: 4572 daAuts
     D:6: 2672 daAuts
     D:7: 2368 daAuts
    D:10: 2144 daAuts
     D:4: 1729 daAuts
     D:5: 1700 daAuts
     D:2: 1070 daAuts
     D:3: 1002 daAuts
     D:1: 957 daAuts
    D:11: 409 daAuts
  Lair:1: 1 daAuts
